 Dungeon Crawl Stone Soup version 0.24-a0-730-g011b83a (webtiles) character file.

Game seed: 7770816284208044250, levelgen mode: deterministic

813 robertstho the Cudgeler (level 7, 0/66 HPs)
             Began as a Gargoyle Fighter on Oct 1, 2019.
             Killed by divine providence
             ... invoked by an orc priest
              (13 damage)
             ... on level 5 of the Dungeon.
             The game lasted 00:07:30 (4111 turns).

robertstho the Cudgeler (Gargoyle Fighter)          Turns: 4111, Time: 00:07:31

Health: 0/66       AC: 23    Str: 26    XL:     7   Next: 93%
Magic:  7/7        EV:  2    Int:  9    God:
Gold:   155        SH: 10    Dex:  9    Spells: 6/6 levels left

rFire    + . .     SeeInvis .   u - +1 flail (crush)
rCold    x . .     Gourm    .   c - +0 shield
rNeg     + + +     Faith    .   (armour currently unavailable)
rPois    ∞         Spirit   .   (helmet currently unavailable)
rElec    .         Reflect  .   (cloak currently unavailable)
rCorr    .         Harm     .   (gloves currently unavailable)
MR       .....     NoTele   +   (boots currently unavailable)
Stlth    +.........             (no amulet)
HPRegen  0.21/turn              r - ring of fire
MPRegen  0.10/turn              (no ring)

@: mighty, tree-form
A: negative energy resistance 1, petrification resistance, rot immunity, AC +4
a: no special abilities


You were on level 5 of the Dungeon.
You were not hungry.
You were a tree.
You visited 2 branches of the dungeon, and saw 6 of its levels.

You collected 155 gold pieces.

Inventory:

Hand Weapons
 o - a +0 morningstar
 u - a +1 flail of crushing (weapon)
 x - a +0 flail of protection
Armour
 b - a +0 scale mail
 c - a +0 shield (worn)
 n - the +2 leather armour of the Shining Light (melded) {SInv}
   (You found it on level 4 of the Dungeon)

   It lets you see invisible.
 y - a +0 cloak (melded)
 z - a +0 chain mail
Jewellery
 r - a ring of fire (left branch)
Scrolls
 e - 2 scrolls of blinking {unknown}
 g - 2 scrolls of remove curse {unknown}
 h - a scroll of teleportation {unknown}
 j - a scroll of fog {unknown}
 k - 2 scrolls of amnesia {unknown}
 l - a scroll of magic mapping {unknown}
 m - a scroll of noise {unknown}
 w - a scroll of enchant weapon
Potions
 a - a potion of haste
 p - a potion of flight
 s - a potion of resistance
 v - 2 potions of mutation
Comestibles
 f - 5 rations
 A - a chunk of flesh


   Skills:
 + Level 4.5 Fighting
 * Level 6.3 Maces & Flails
 * Level 5.1 Armour
 + Level 1.2 Dodging
 + Level 0.1 Stealth
 + Level 4.9 Shields


You had 6 spell levels left.
You didn't know any spells.
Your spell library contained the following spells:

 Spells                   Type           Power        Failure   Level  Hunger
 Animate Skeleton         Necr           N/A          83%         1    ##.....
 Pain                     Necr           #...         83%         1    ##.....
 Regeneration             Chrm/Necr      #.........   99%         3    ####...
 Vampiric Draining        Necr           #.........   99%         3    ####...
 Animate Dead             Necr           N/A          100%        4    #####..


Dungeon Overview and Level Annotations

Branches:
Dungeon (5/15)             Temple (1/1) D:4

Altars:
Ashenzari
Cheibriados
Elyvilon
Makhleb
Qazlal
Sif Muna
Trog
Uskayaw
Vehumet
Wu Jian
Xom
Yredelemnul
Zin
The Shining One
Lugonu

Shops:
D:4 (


Innate Abilities, Weirdness & Mutations

You are resistant to torment.
((Your stone body is resilient. (AC +4)))
You are immune to poison.
You resist negative energy. (rN+)
((You are resistant to electric shocks. (rElec)))
((You can survive without breathing.))
You are immune to petrification.
You are immune to rotting.


Message History

An orc comes into view. It is wielding a +0 flail.
You miss the quokka.
The orc shouts!
The jackal bites you but does no damage.
A crimson imp comes into view.
You block the quokka's attack. You block the jackal's attack.
You hear some strange, mumbled words.
The crimson imp shouts!
You barely miss the quokka. The quokka bites you.
* * * LOW HITPOINT WARNING * * *
A jelly comes into view.
You block the jackal's attack.
The quokka bites you but does no damage.
The jackal bites you but does no damage.
You sock the quokka!
You kill the quokka!
You block the jackal's attack.
You hit the orc but do no damage. You block the jackal's attack.
The orc priest mumbles some strange prayers to Beogh against you.
Beogh smites you!
You die...

. ##..##### ###
......5o######.....
......J..oo♣hhS?...
##.>..ho#######.###
#....... #.....$#
#......# ########


You could see a jelly, 2 orc priests, a crimson imp, an adder, 2 orcs and 3
jackals.

Vanquished Creatures
  Menkaure (D:4)
  A scorpion (D:4)
  4 wights (D:2)
  A jelly (D:5)
  2 orc priests (D:4)
  2 hounds
  An iguana (D:4)
  Natasha (twice) (D:2)
  An orc wizard (D:3)
  Robin (D:2)
  7 adders
  An ooze (D:1)
  3 dart slugs
  4 leopard geckos
  14 orcs
  6 giant cockroaches
  18 goblins
  13 hobgoblins
  3 jackals (D:3)
  12 kobolds
  2 quokkas
  5 ball pythons
  10 bats
  6 frilled lizards
  A leopard gecko skeleton (D:4)
  11 rats
  A plant (D:3)
133 creatures vanquished.

Notes
Turn   | Place    | Note
-------+----------+-------------------------------------------
     0 | D:1      | robertstho the Gargoyle Fighter began the quest for the
                  | Orb.
     0 | D:1      | Reached XP level 1. HP: 14/14 MP: 1/1
    69 | D:1      | Reached XP level 2. HP: 13/19 MP: 2/2
   316 | D:1      | Reached XP level 3. HP: 20/23 MP: 3/3
   663 | D:2      | Reached skill level 3 in Maces & Flails
   852 | D:2      | Reached XP level 4. HP: 28/28 MP: 4/4
   936 | D:2      | Found an ornate altar of the Wu Jian Council.
   987 | D:2      | Reached XP level 5. HP: 22/33 MP: 5/5
   995 | D:2      | Reached skill level 4 in Maces & Flails
  1034 | D:2      | Reached XP level 6. HP: 24/38 MP: 6/6
  1062 | D:2      | Found a stormy altar of Qazlal.
  1065 | D:2      | Noticed an air elemental
  1065 | D:2      | Noticed a fire elemental
  1065 | D:2      | Noticed a water elemental
  1071 | D:2      | Noticed Robin
  1098 | D:2      | Killed Robin
  1171 | D:2      | Noticed Natasha
  1178 | D:2      | Killed Natasha
  1407 | D:2      | Found a white marble altar of Elyvilon.
  1535 | D:2      | Noticed Natasha
  1543 | D:2      | Killed Natasha
  1738 | D:3      | Reached skill level 5 in Maces & Flails
  2018 | D:3      | Reached skill level 1 in Dodging
  2474 | D:3      | Reached XP level 7. HP: 43/43 MP: 7/7
  2737 | D:4      | Found Buriol's Antique Weapon Boutique.
  2764 | D:4      | Found a staircase to the Ecumenical Temple.
  2813 | Temple   | Entered the Ecumenical Temple
  2880 | D:4      | Found a radiant altar of Vehumet.
  3040 | D:4      | Noticed Menkaure
  3057 | D:4      | Killed Menkaure
  3057 | D:4      | Reached skill level 5 in Armour
  3336 | D:4      | Got a transparent leather armour
  3347 | D:4      | Identified the +2 leather armour of the Shining Light
                  | {SInv} (You found it on level 4 of the Dungeon)
  3409 | D:4      | Found a basalt altar of Yredelemnul.
  3515 | D:4      | Found a burning altar of Makhleb.
  3583 | D:4      | Reached skill level 6 in Maces & Flails
  3759 | D:4      | Found a glowing silver altar of Zin.
  3759 | D:4      | Noticed an angel
  4090 | D:5      | Entered Level 5 of the Dungeon
  4100 | D:5      | HP: 2/44 [orc priest/divine providence (11)]
  4111 | D:5      | Killed from afar by an orc priest

Levels and vault maps discovered:
D:1:      giann_wishing_wells, layout_loops_ring, roderic_malta_cross,
          minmay_tiny_reverse_x
D:2:      layout_loops_ring, lemuel_crystal_altar,
          lemuel_coloured_pillars_altar, minmay_misc_feat_enclosed,
          nicolae_qazlal_style_of_elements, uniq_robin, uniq_natasha
D:3:      layout_basic, first_ration, hex_medium, saegor_snake_ambush
D:4:      layout_loops_corners, overflow_temple_1_default, zin_angel,
          gammafunk_temple_overflow_statue, minmay_temple_entry_mini_moons,
          serial_shops, shop, uniq_menkaure
D:5:      layout_rooms, grunt_temple_overflow_forces_of_nature,
          kennysheep_mini_moat, old_standard_altar, minitemple,
          kennysheep_flooded_box, minmay_diced_spiral
Temple:   corrupted_temple

Skill      XL: |  1  2  3  4  5  6  7 |
---------------+----------------------+-----
Armour         | 4 5 |  5.1
Maces & Flails | 3 4 5 6 |  6.3
Shields        | 4 |  4.9
Fighting       | 4 |  4.5
Dodging        | 1 |  1.2
Stealth        | |  0.1

Action                   |  1- 3 |  4- 6 |  7- 9 || total
-------------------------+-------+-------+-------++-------
Melee: Flail             |   123 |   113 |   130 ||   366
       Morningstar       |       |   193 |       ||   193
  Use: Scroll            |       |       |     8 ||     8
       Potion            |       |       |     7 ||     7
  Eat: Chunk             |       |     6 |     6 ||    12
Armor: Scale mail        |    68 |   214 |    31 ||   313
       Leather armour    |       |       |    20 ||    20
       Skin              |       |       |     8 ||     8
Dodge: Dodged            |    39 |   131 |    44 ||   214
Block: Shield            |    71 |   180 |    79 ||   330

Table legend:
 A = Non-vault XP
 B = Vault XP
 C = Vault XP percentage of total XP
 D = Non-vault monster count
 E = Vault monster count
 F = Vault count percentage of total count
                 A         B        C        D         E       F
            +---------+---------+-------+---------+---------+-------
      Total |     909 |     253 |  21.8 |     113 |      19 |  14.4
            +---------+---------+-------+---------+---------+-------
        D:1 |      47 |       4 |   7.8 |      25 |       2 |   7.4
        D:2 |     375 |      72 |  16.1 |      33 |      13 |  28.3
        D:3 |     156 |       5 |   3.1 |      37 |       3 |   7.5
        D:4 |     281 |     172 |  38.0 |      16 |       1 |   5.9
        D:5 |      50 |       0 |   0.0 |       2 |       0 |   0.0
            +---------+---------+-------+---------+---------+-------
